AoeStats
← RodentDogsRCool

Arabia

505542382Analyzed
1v1 RM · 23d ago on Sep 9, 2026· 40m 36s· 2 players
Game mode
Random Map
Map size
Tiny (2 player)
Population
200
Speed
Normal
Resources
Standard
Victory
Conquest
Starting age
Dark Age
Ending age
Imperial Age
RankedLock teamsTeams togetherTeam positionsShared explorationLock speedFull tech treeHidden civsTurbo modeCheats
Victory
Defeat
🇹🇷 Mongols · Türkiye
1038
+13
🇺🇸 Ethiopians · United States
982
-13
RodentDogsRCool
8:01 Loom
10:22 Feudal Age
11:18 Double-Bit Axe
13:26 Fletching
14:46 Padded Archer Armor
21:04 Castle Age
19:35 Horse Collar
20:35 Scale Barding Armor
21:08 Light Cavalry
27:14 Town Watch
28:08 Wheelbarrow
28:12 Husbandry
28:26 Forging
30:56 Crossbowman
31:49 Bodkin Arrow
34:57 Imperial Age
35:37 Thumb Ring
39:36 Conscription
38:53 Arbalester
Mystic Boy
8:36 Loom
10:21 Feudal Age
11:35 Double-Bit Axe
11:35 Horse Collar
17:33 Fletching
21:55 Castle Age
20:19 Stone Mining
20:19 Gold Mining
23:52 Bow Saw
23:46 Heavy Plow
25:44 Gold Mining
28:06 Pikeman
29:25 Bodkin Arrow
29:35 Husbandry
30:59 Gold Shaft Mining
31:10 Wheelbarrow
30:59 Bloodlines
35:38 Ballistics
37:51 Imperial Age
35:08 Town Watch
35:42 Hand Cart
35:49 Nomads
35:25 Elite Skirmisher
36:07 Padded Archer Armor
35:32 Light Cavalry
37:57 Forging
39:34 Chemistry
39:05 Bracer
39:57 Leather Archer Armor
40:23 Scale Barding Armor
Connection lost

Rejoining the realm…

Still unreachable

The connection could not be restored.

Session expired

The server has moved on; the page needs a fresh start.